NYP
WILLIAMSPORT CROSSCUTTERS @ WEST VIRGINIA BLACK BEARS
05/06/2048
 
TOP OF THE 1ST
Williamsport Crosscutters batting - Pitching for West Virginia Black Bears : LHP Grady Hebert
Pitching: LHP Grady Hebert
Batting: RHB Xavier Castellanos 0-0: Ball
1-0: Foul Ball, location: 2F
1-1: Ball
2-1: Called Strike
2-2: Strikes out looking
Batting: SHB Art Kent 0-0: Swinging Strike
0-1: Ball
1-1: Foul Ball, location: 2F
1-2: SINGLE (Groundball, 34D, EV 95.0 MPH)
Batting: RHB John Manocchio Pickoff Throw to First - Out! 1-3 CS
0-0: Ball
1-0: Ground out 6-3 (Groundball, 6, EV 92.5 MPH)
Top of the 1st over - 0 runs, 1 hit, 0 errors, 0 left on base; Williamsport 0 - West Virginia 0
BOTTOM OF THE 1ST
West Virginia Black Bears batting - Pitching for Williamsport Crosscutters : LHP Drew Roemer
Pitching: LHP Drew Roemer
Batting: RHB Perry Dominey 0-0: Ground out 5-3 (Groundball, 5, EV 84.4 MPH)
Batting: RHB Dave Fredericks 0-0: Ball
1-0: Foul Ball, location: 2F
1-1: Fly out, F6 (Popup, 6M, EV 73.1 MPH)
Batting: RHB Brandon White 0-0: Called Strike
0-1: Called Strike
0-2: Ball
1-2: Foul Ball, location: 2F
1-2: Foul Ball, location: 2F
1-2: Strikes out swinging
Bottom of the 1st over - 0 runs, 0 hits, 0 errors, 0 left on base; Williamsport 0 - West Virginia 0
TOP OF THE 2ND
Williamsport Crosscutters batting - Pitching for West Virginia Black Bears : LHP Grady Hebert
Batting: RHB John Parra 0-0: Foul Ball, location: 2F
0-1: Ball
1-1: Called Strike
1-2: Foul Ball, location: 2F
1-2: Foul Ball, location: 2F
1-2: Strikes out swinging
Batting: RHB Shintaro Katsumata 0-0: Ball
1-0: Ball
2-0: Ball
3-0: Called Strike
3-1: Called Strike
3-2: Strikes out looking
Batting: RHB Nick Cottrell 0-0: Called Strike
0-1: Foul Ball, location: 2F
0-2: Foul Ball, location: 2F
0-2: Strikes out swinging
Top of the 2nd over - 0 runs, 0 hits, 0 errors, 0 left on base; Williamsport 0 - West Virginia 0
BOTTOM OF THE 2ND
West Virginia Black Bears batting - Pitching for Williamsport Crosscutters : LHP Drew Roemer
Batting: RHB Alain Marquet 0-0: Foul Ball, location: 2F
0-1: Fly out, F9 (Flyball, 89M, EV 89.4 MPH)
Batting: RHB Jaime Dubicki 0-0: Ball
1-0: Ball
2-0: Swinging Strike
2-1: Foul Ball, location: 2F
2-2: SINGLE (Groundball, 5D, EV 108.8 MPH)
Batting: RHB Tim Moore 0-0: Foul Ball, location: 2F
0-1: Ball
1-1: Swinging Strike
1-2: Grounds into double play, 1-4-3 (Groundball, P, EV 68.8 MPH)
Bottom of the 2nd over - 0 runs, 1 hit, 0 errors, 0 left on base; Williamsport 0 - West Virginia 0
TOP OF THE 3RD
Williamsport Crosscutters batting - Pitching for West Virginia Black Bears : LHP Grady Hebert
Batting: RHB Salvador Avina 0-0: Foul Ball, location: 2F
0-1: Foul Ball, location: 2F
0-2: Hit by Pitch
Batting: RHB Gavin Helton 0-0: Ball
1-0: Called Strike
1-1: Called Strike
1-2: Ball
2-2: Foul Ball, location: 2F
2-2: Ball
3-2: Foul Ball, location: 2F
3-2: Foul Ball, location: 2F
3-2: Foul Ball, location: 2F
3-2: Hit by Pitch
Salvador Avina to second
Batting: RHB Bill Williams 0-0: Ball
1-0: Ball
2-0: Ball
Wild Pitch!
Salvador Avina to third
Gavin Helton to second
3-0: Called Strike
3-1: Base on Balls
Batting: RHB Xavier Castellanos 0-0: Ball
1-0: Swinging Strike
1-1: Called Strike
1-2: Fly out, F9 (Flyball, 9S, EV 89.4 MPH)
Batting: SHB Art Kent 0-0: Ball
1-0: Ball
2-0: Ball
3-0: Called Strike
3-1: Fielders Choice at 2nd, 3-6 (Groundball, 34, EV 106.9 MPH)
Salvador Avina scores
Gavin Helton to third
Batting: RHB John Manocchio 0-0: Ball
1-0: Foul Ball, location: 2F
1-1: Fly out, F9 (Line Drive, 9, EV 98.1 MPH)
Top of the 3rd over - 1 run, 0 hits, 0 errors, 2 left on base; Williamsport 1 - West Virginia 0
BOTTOM OF THE 3RD
West Virginia Black Bears batting - Pitching for Williamsport Crosscutters : LHP Drew Roemer
Batting: RHB Chris Beckham 0-0: Called Strike
0-1: Called Strike
0-2: Ball
1-2: Ball
2-2: Strikes out swinging
Batting: LHB Norm Silveira-Wray 0-0: Foul Ball, location: 2F
0-1: Ground out 6-3 (Groundball, 6M, EV 75.6 MPH)
Batting: RHB Seung-mun Kim 0-0: SINGLE (Line Drive, 6MD, EV 102.5 MPH)
Batting: RHB Perry Dominey 0-0: Ball
1-0: SINGLE (Groundball, 6MS, EV 68.1 MPH) (infield hit)
Seung-mun Kim to second
Batting: RHB Dave Fredericks 0-0: Ball
1-0: Swinging Strike
1-1: SINGLE (Groundball, 56D, EV 96.9 MPH)
Seung-mun Kim to third
Perry Dominey to second
Runner from 3rd tries for Home, SAFE, throw by LF to home
Batting: RHB Brandon White 0-0: Called Strike
0-1: Foul Ball, location: 2F
0-2: 3-RUN HOME RUN (Flyball, 7D, EV 97.5 MPH), Distance : 387 ft
Batting: RHB Alain Marquet 0-0: Ball
1-0: Called Strike
1-1: Swinging Strike
1-2: Strikes out swinging
Bottom of the 3rd over - 4 runs, 4 hits, 0 errors, 0 left on base; Williamsport 1 - West Virginia 4
TOP OF THE 4TH
Williamsport Crosscutters batting - Pitching for West Virginia Black Bears : LHP Grady Hebert
Batting: RHB John Parra 0-0: Ball
1-0: Ball
2-0: Foul Ball, location: 2F
2-1: Ball
3-1: Foul Ball, location: 2F
3-2: Foul Ball, location: 2F
3-2: Hit by Pitch
Batting: RHB Shintaro Katsumata 0-0: Fielders Choice at 2nd, 6-4 (Groundball, 6, EV 84.4 MPH)
Batting: RHB Nick Cottrell 0-0: Called Strike
Shintaro Katsumata steals 2nd base (no throw)
0-1: Foul Ball, location: 2F
0-2: Strikes out looking
Batting: RHB Salvador Avina 0-0: Ball
1-0: Foul Ball, location: 2F
1-1: DOUBLE (Line Drive, 5D, EV 103.1 MPH)
Shintaro Katsumata scores
Batting: RHB Gavin Helton 0-0: Called Strike
0-1: SINGLE (Groundball, 25, EV 61.9 MPH) (infield hit)
Salvador Avina to third
Batting: RHB Bill Williams 0-0: Ball
1-0: Foul Ball, location: 2F
1-1: Ball
2-1: Called Strike
2-2: Ball
3-2: Foul Ball, location: 2F
3-2: Base on Balls
Gavin Helton to second
Batting: RHB Xavier Castellanos 0-0: Ball
1-0: Swinging Strike
1-1: Ball
2-1: Ball
3-1: Foul Ball, location: 2F
3-2: Foul Ball, location: 2F
3-2: Foul Ball, location: 2F
3-2: SINGLE (Groundball, P, EV 90.0 MPH) (infield hit)
Salvador Avina scores
Gavin Helton to third
Bill Williams to second
Batting: SHB Art Kent 0-0: Swinging Strike
0-1: Hit by Pitch
Gavin Helton scores
Bill Williams to third
Xavier Castellanos to second
Batting: RHB John Manocchio 0-0: Ball
1-0: Ball
2-0: Fielders Choice at 2nd, 6-4 (Groundball, 6, EV 80.0 MPH)
Top of the 4th over - 3 runs, 3 hits, 0 errors, 3 left on base; Williamsport 4 - West Virginia 4
BOTTOM OF THE 4TH
West Virginia Black Bears batting - Pitching for Williamsport Crosscutters : LHP Drew Roemer
Batting: RHB Jaime Dubicki 0-0: Called Strike
0-1: Called Strike
0-2: Ball
1-2: Ball
2-2: Ground out 2-3 (Groundball, 2R, EV 73.1 MPH)
Batting: RHB Tim Moore 0-0: Called Strike
0-1: Ground out 4-3 (Groundball, 4, EV 92.5 MPH)
Batting: RHB Chris Beckham 0-0: Ball
1-0: Ball
2-0: Called Strike
2-1: Foul Ball, location: 2F
2-2: Foul Ball, location: 2F
2-2: Ball
3-2: Strikes out swinging
Bottom of the 4th over - 0 runs, 0 hits, 0 errors, 0 left on base; Williamsport 4 - West Virginia 4
TOP OF THE 5TH
Williamsport Crosscutters batting - Pitching for West Virginia Black Bears : LHP Grady Hebert
Pitching: RHP Xavier Stovall
Batting: RHB John Parra 0-0: Foul Ball, location: 2F
0-1: Called Strike
0-2: SOLO HOME RUN (Flyball, 78XD, EV 113.8 MPH), Distance : 438 ft
Batting: RHB Shintaro Katsumata 0-0: Called Strike
0-1: Swinging Strike
0-2: Foul Ball, location: 2F
0-2: Ball
1-2: Ground out 5-3 (Groundball, 56S, EV 78.8 MPH)
Batting: RHB Nick Cottrell 0-0: Called Strike
0-1: Fly out, F9 (Flyball, 9LM, EV 92.5 MPH)
Batting: RHB Salvador Avina 0-0: Ball
1-0: Ball
2-0: Foul Ball, location: 2F
2-1: Foul Ball, location: 2F
2-2: SOLO HOME RUN (Flyball, 7D, EV 103.1 MPH), Distance : 389 ft
Batting: RHB Gavin Helton 0-0: Ball
1-0: Called Strike
1-1: Swinging Strike
1-2: Ball
2-2: Ball
3-2: Base on Balls
Batting: RHB Bill Williams 0-0: Ball
1-0: Ground out 1-3 (Groundball, 25, EV 68.1 MPH)
Top of the 5th over - 2 runs, 2 hits, 0 errors, 1 left on base; Williamsport 6 - West Virginia 4
BOTTOM OF THE 5TH
West Virginia Black Bears batting - Pitching for Williamsport Crosscutters : LHP Drew Roemer
Batting: LHB Norm Silveira-Wray 0-0: SINGLE (Line Drive, 6D, EV 100.0 MPH)
Batting: RHB Seung-mun Kim 0-0: Called Strike
0-1: Ball
1-1: Foul Ball, location: 2F
1-2: Strikes out looking
Batting: RHB Perry Dominey 0-0: Ball
1-0: Called Strike
Norm Silveira-Wray steals 2nd base
1-1: Ball
2-1: Called Strike
2-2: Ball
3-2: Ground out 6-3 (Groundball, 6, EV 86.9 MPH)
Norm Silveira-Wray to third
Batting: RHB Dave Fredericks 0-0: Foul Ball, location: 2F
0-1: Ball
1-1: Fly out, F7 (Flyball, 78S, EV 90.6 MPH)
Bottom of the 5th over - 0 runs, 1 hit, 0 errors, 1 left on base; Williamsport 6 - West Virginia 4
TOP OF THE 6TH
Williamsport Crosscutters batting - Pitching for West Virginia Black Bears : RHP Xavier Stovall
Batting: RHB Xavier Castellanos 0-0: Foul Ball, location: 2F
0-1: Foul Ball, location: 2F
0-2: Ball
1-2: Ball
2-2: Ball
3-2: Foul Ball, location: 2F
3-2: Single, Error in OF, E8, batter to second base (Groundball, 6MD, EV 104.4 MPH)
Pitching: RHP Hitoshi Yoshihara
Batting: SHB Art Kent 0-0: Ball
1-0: Ball
2-0: Foul Ball, location: 2F
2-1: Ball
3-1: Foul Ball, location: 2F
3-2: Foul Ball, location: 2F
3-2: Strikes out swinging
Batting: RHB John Manocchio 0-0: Called Strike
0-1: Swinging Strike
0-2: Fly out, F9 (Flyball, 9D, EV 86.2 MPH)
Batting: RHB John Parra 0-0: Called Strike
0-1: Called Strike
0-2: Strikes out swinging
Top of the 6th over - 0 runs, 1 hit, 1 error, 1 left on base; Williamsport 6 - West Virginia 4
BOTTOM OF THE 6TH
West Virginia Black Bears batting - Pitching for Williamsport Crosscutters : LHP Drew Roemer
Batting: RHB Brandon White 0-0: Ball
1-0: SINGLE (Line Drive, 4, EV 95.0 MPH)
Batting: RHB Alain Marquet 0-0: Ball
1-0: Ball
2-0: Ball
Wild Pitch!
Brandon White to second
3-0: Base on Balls
Pinch Runner at 2nd Terrence Wilson:
Batting: RHB Jaime Dubicki 0-0: Fly out, F8 (Flyball, 8LM, EV 84.4 MPH)
Batting: RHB Tim Moore 0-0: Ball
1-0: Ball
Terrence Wilson steals 3rd base
2-0: Called Strike
2-1: Foul Ball, location: 2F
2-2: Fly out, F9 (Flyball, 9LS, EV 86.9 MPH)
Batting: RHB Chris Beckham 0-0: Swinging Strike
0-1: Ball
1-1: Ball
2-1: Foul Ball, location: 2F
2-2: Foul Ball, location: 2F
2-2: Ball
3-2: Foul Ball, location: 2F
3-2: Foul Ball, location: 2F
3-2: Base on Balls
Alain Marquet to second
Batting: LHB Norm Silveira-Wray 0-0: SINGLE (Groundball, 6MS, EV 63.1 MPH) (infield hit)
Terrence Wilson scores
Alain Marquet to third
Chris Beckham to second
Pitching: LHP Justin Thornton
Batting: RHB Seung-mun Kim 0-0: Foul Ball, location: 2F
0-1: Swinging Strike
0-2: Ball
1-2: Strikes out swinging
Bottom of the 6th over - 1 run, 2 hits, 0 errors, 3 left on base; Williamsport 6 - West Virginia 5
TOP OF THE 7TH
Williamsport Crosscutters batting - Pitching for West Virginia Black Bears : RHP Hitoshi Yoshihara
Now in CF: Terrence Wilson
Now in RF: Perry Dominey
Batting: RHB Shintaro Katsumata 0-0: Ball
1-0: Called Strike
1-1: Ball
2-1: Swinging Strike
2-2: Ball
3-2: Strikes out swinging
Batting: RHB Nick Cottrell 0-0: Called Strike
0-1: Called Strike
0-2: Ball
1-2: Strikes out looking
Batting: RHB Salvador Avina 0-0: Ball
1-0: Ball
2-0: Ball
3-0: Called Strike
3-1: Foul Ball, location: 2F
3-2: Base on Balls
Batting: RHB Gavin Helton 0-0: Fly out, F8 (Flyball, 8LXD, EV 106.2 MPH)
Top of the 7th over - 0 runs, 0 hits, 0 errors, 1 left on base; Williamsport 6 - West Virginia 5
BOTTOM OF THE 7TH
West Virginia Black Bears batting - Pitching for Williamsport Crosscutters : LHP Justin Thornton
Batting: RHB Perry Dominey 0-0: Called Strike
0-1: Ball
1-1: Called Strike
1-2: Ball
2-2: Ground out 5-3 (Groundball, 56S, EV 81.2 MPH)
Batting: RHB Dave Fredericks 0-0: Ground out 6-3 (Groundball, 6, EV 100.0 MPH)
Batting: RHB Terrence Wilson 0-0: SOLO HOME RUN (Flyball, 7D, EV 98.1 MPH), Distance : 382 ft
Batting: RHB Alain Marquet 0-0: Ball
1-0: Ball
2-0: Ball
3-0: Called Strike
3-1: Foul Ball, location: 2F
3-2: Base on Balls
Batting: RHB Jaime Dubicki 0-0: Ball
1-0: Ball
2-0: Called Strike
2-1: Called Strike
2-2: SINGLE (Groundball, 4MD, EV 94.4 MPH)
Alain Marquet to second
Runner from 2nd tries for 3rd, SAFE, no throw by CF
Batting: RHB Tim Moore 0-0: Called Strike
0-1: Called Strike
0-2: Strikes out swinging
Bottom of the 7th over - 1 run, 2 hits, 0 errors, 2 left on base; Williamsport 6 - West Virginia 6
TOP OF THE 8TH
Williamsport Crosscutters batting - Pitching for West Virginia Black Bears : RHP Hitoshi Yoshihara
Pinch Hitting: LHB Noel Young 0-0: Ball
1-0: Called Strike
1-1: Ball
2-1: Swinging Strike
2-2: Foul Ball, location: 2F
2-2: Strikes out looking
Batting: RHB Xavier Castellanos 0-0: Ball
1-0: Ball
2-0: Ball
3-0: Called Strike
3-1: Base on Balls
Pitching: RHP Ian Ferrara
Batting: SHB Art Kent 0-0: Called Strike
0-1: Ball
1-1: Swinging Strike
1-2: Ball
2-2: Ball
3-2: Strikes out swinging
Batting: RHB John Manocchio 0-0: Ball
1-0: Foul Ball, location: 2F
1-1: Ball
2-1: Foul Ball, location: 2F
2-2: Foul Ball, location: 2F
2-2: Ball
3-2: Foul Ball, location: 2F
3-2: Strikes out swinging
Top of the 8th over - 0 runs, 0 hits, 0 errors, 1 left on base; Williamsport 6 - West Virginia 6
BOTTOM OF THE 8TH
West Virginia Black Bears batting - Pitching for Williamsport Crosscutters : LHP Justin Thornton
Now at C: Pete Deschamps
Batting: RHB Chris Beckham 0-0: Ball
1-0: Called Strike
1-1: SINGLE (Groundball, 34D, EV 96.9 MPH)
Pitching: RHP Lance Brisson
Batting: LHB Norm Silveira-Wray 0-0: Bunted foul
0-1: Sac Bunt to 25 - play at first, batter OUT! 5-4
Chris Beckham to second
Batting: RHB Seung-mun Kim 0-0: Foul Ball, location: 2F
0-1: Ball
1-1: Ball
2-1: Foul Ball, location: 2F
2-2: Foul Ball, location: 2F
2-2: DOUBLE (Flyball, 8LXD, EV 110.0 MPH)
Chris Beckham scores
Batting: RHB Perry Dominey 0-0: SINGLE (Groundball, 56D, EV 98.8 MPH)
Seung-mun Kim to third
Runner from 3rd tries for Home, throw by LF and OUT! 7-2
Perry Dominey to second
Batting: RHB Dave Fredericks 0-0: Ball
1-0: Called Strike
1-1: Ball
2-1: Ground out U3 (Groundball, 3, EV 103.8 MPH)
Bottom of the 8th over - 1 run, 3 hits, 0 errors, 1 left on base; Williamsport 6 - West Virginia 7
TOP OF THE 9TH
Williamsport Crosscutters batting - Pitching for West Virginia Black Bears : RHP Ian Ferrara
Pitching: RHP Joel Olausson
Batting: RHB John Parra 0-0: Foul Ball, location: 2F
0-1: Called Strike
0-2: Foul Ball, location: 2F
0-2: Strikes out swinging
Batting: RHB Shintaro Katsumata 0-0: Ball
1-0: SINGLE (Groundball, 6S, EV 70.6 MPH) (infield hit)
Batting: RHB Nick Cottrell 0-0: Foul Ball, location: 2F
0-1: Foul Ball, location: 2F
0-2: Strikes out swinging
Batting: RHB Salvador Avina 0-0: Ball
1-0: Called Strike
1-1: Swinging Strike
1-2: Ball
Passed Ball!
Shintaro Katsumata to second
2-2: Foul Ball, location: 2F
2-2: Ball
3-2: Strikes out swinging
Top of the 9th over - 0 runs, 1 hit, 0 errors, 1 left on base; Williamsport 6 - West Virginia 7
Tuesday, March 28th , 2023 - OOTP Baseball 23.10 Build 110